 Dungeon Crawl Stone Soup version 0.28.0-53-g5a82cb258f (webtiles) character file.

Game seed: 16600700296136782392

33763 issech the Tortoise (level 13, -14/118 HPs)
             Began as a Minotaur Monk on June 16, 2022.
             Was a High Priest of Hepliaklqana.
             Demolished by a hell knight
             ... wielding a +5 halberd
              (18 damage)
             ... on level 14 of the Dungeon.
             The game lasted 01:15:35 (20649 turns).

issech the Tortoise (Minotaur Monk)                Turns: 20649, Time: 01:15:35

Health: -14/118    AC: 21    Str: 25    XL:     13   Next: 38%
Magic:  12/12      EV: 10    Int:  9    God:    Hepliaklqana [*****.]
Gold:   853        SH:  0    Dex: 17    Spells: 12/12 levels left

rFire   + + .      SeeInvis .   D - +3 battleaxe (drain)
rCold   + . .      Faith    .   (shield currently unavailable)
rNeg    . . .      Spirit   .   R - +0 plate armour
rPois   +          Reflect  .   (helmet restricted)
rElec   +          Harm     .   L - +0 cloak
rCorr   +          Rampage  +   a - +0 pair of gloves {Stlth+}
Will    .....                   M - +0 pair of boots
Stlth   ..........              z - amulet "Jask" {RegenMP Rampage Drain Str+8}
HPRegen 0.29/turn               g - +4 ring of slaying
MPRegen 0.53/turn               c - ring of protection from fire

@: resistant, flying (expiring), unable to read
A: reduced essence, horns 2, retaliatory headbutt, clever 1, robust 1, inability
to read while threatened
a: Renounce Religion, Recall Ancestor, Ancestor Identity, Transference, Idealise


You were on level 14 of the Dungeon.
You worshipped Hepliaklqana.
Hepliaklqana was extremely pleased with you.
You visited 2 branches of the dungeon, and saw 16 of its levels.
You also visited: Sewer.

You collected 1092 gold pieces.
You spent 239 gold pieces at shops.

Inventory:

Hand Weapons
 q - a +2 shortbow of freezing
 A - a +6 flail of protection
 D - a +3 battleaxe of draining (weapon)
 T - a +0 arbalest
 W - a +2 mace of protection
Missiles
 b - 154 sling bullets
 e - 89 bolts
 h - 506 arrows
 j - 4 curare-tipped darts
 m - 53 poisoned darts
 o - 344 stones
 p - a throwing net
 S - 6 silver javelins (quivered)
Armour
 a - a +0 pair of gloves of stealth (worn)
 l - the +3 leather armour of Zoczu Duunn {-Tele Will+ Str+4 SInv}
   (You found it on level 9 of the Dungeon)

   Str:       It affects your strength (+4).
   SInv:      It lets you see invisible.
   -Tele:     It prevents most forms of teleportation.
   Will:      It increases your willpower.
 L - a +0 cloak (worn)
 M - a +0 pair of boots (worn)
 R - a +0 plate armour (worn)
Jewellery
 c - a ring of protection from fire (right hand)
 g - a +4 ring of slaying (left hand)
 k - an amulet of reflection
 s - a ring of positive energy
 z - the amulet "Jask" (around neck) {RegenMP Rampage Drain Str+8}
   (You found it on level 10 of the Dungeon)

   [amulet of magic regeneration]

   It increases your rate of magic regeneration.
   Str:       It affects your strength (+8).
   Drain:     It drains your maximum health when unequipped.
   Rampage:   It bestows one free step when moving towards enemies.
 H - a +4 ring of slaying
 I - a ring of protection from fire
 O - a ring of positive energy
 U - a ring of protection from cold
 Y - a +6 ring of strength
Wands
 E - a wand of digging (9)
 G - a wand of acid (11)
 J - a wand of charming (8)
 V - a wand of paralysis (7)
 X - a wand of flame (21)
 Z - a wand of iceblast (4)
Scrolls
 i - 2 scrolls of enchant weapon
 r - 5 scrolls of enchant armour
 v - 6 scrolls of fear
 w - 4 scrolls of magic mapping
 x - 3 scrolls of blinking
 y - 3 scrolls of fog
 B - 3 scrolls of amnesia
 F - 5 scrolls of vulnerability {unknown}
 P - 5 scrolls of teleportation {unknown}
 Q - 4 scrolls of holy word {unknown}
Potions
 d - 2 potions of flight
 f - 2 potions of lignification {unknown}
 n - 5 potions of heal wounds {unknown}
 t - 4 potions of curing
 u - a potion of resistance
 C - 5 potions of ambrosia
 K - 2 potions of might {unknown}
 N - 2 potions of haste


   Skills:
 + Level 12.1 Fighting
 + Level 1.1 Short Blades
 + Level 11.1(13.8) Axes
 + Level 13.3(14.9) Maces & Flails
 + Level 7.1 Bows
 + Level 1.3 Throwing
 + Level 15.0 Armour
 + Level 5.0 Dodging
 + Level 4.0 Stealth
 + Level 3.3 Shields
 + Level 0.2 Evocations


You had 12 spell levels left.
You didn't know any spells.
Your spell library contained the following spells:

 Spells                   Type           Power      Damage    Failure   Level
 Animate Skeleton         Necr           0%         N/A       96%         1
 Apportation              Tloc           0%         N/A       96%         1
 Beastly Appendage        Tmut           0%         N/A       96%         1
 Magic Dart               Conj           0%         1d3       96%         1
 Sandblast                Erth           0%         2d4       96%         1
 Sting                    Tmut/Pois      0%         1d3       96%         1
 Summon Small Mammal      Summ           0%         N/A       96%         1
 Call Imp                 Summ           0%         N/A       99%         2
 Corpse Rot               Necr/Air       0%         N/A       99%         2
 Passwall                 Tmut/Erth      0%         N/A       99%         2
 Poisonous Vapours        Pois/Air       0%         N/A       99%         2
 Static Discharge         Conj/Air       0%         N/A       99%         2
 Wereblood                Tmut           0%         N/A       99%         2
 Dazzling Flash           Conj/Hex       0%         N/A       100%        3
 Frozen Ramparts          Ice            0%         1d2       100%        3
 Mephitic Cloud           Conj/Pois/Air  0%         N/A       100%        3
 Spider Form              Tmut/Pois      0%         N/A       100%        3
 Stone Arrow              Conj/Erth      0%         3d7       100%        3
 Summon Guardian Golem    Hex/Summ       0%         N/A       100%        3
 Animate Armour           Summ/Erth      0%         N/A       100%        4
 Dispel Undead            Necr           0%         3d6       100%        4
 Ice Form                 Ice/Tmut       0%         N/A       100%        4
 Iskenderun's Mystic Bla  Conj/Tloc      0%         2d3       100%        4
 Olgreb's Toxic Radiance  Pois           0%         N/A       100%        4
 Summon Ice Beast         Ice/Summ       0%         N/A       100%        4
 Lightning Bolt           Conj/Air       0%         1d11      100%        5
 Death Channel            Necr           0%         N/A       100%        6
 Starburst                Conj/Fire      0%         6d3       100%        6
 Orb of Destruction       Conj           0%         9d5       100%        7
 Spellforged Servitor     Conj/Summ      0%         N/A       100%        7
 Lehudib's Crystal Spear  Conj/Erth      0%         10d2      100%        8
 Maxwell's Capacitive Co  Air            0%         ∞         100%        8


Dungeon Overview and Level Annotations

Branches:
Dungeon (15/15)            Temple (1/1) D:7            Lair (0/6) D:10
    Orc (0/2) D:10         Vaults (0/5) D:14          Sewer (visited)
 Depths: D:15

Altars:
Ashenzari
Cheibriados
Dithmenos
Elyvilon
Fedhas
Gozag
Hepliaklqana
Kikubaaqudgha
Makhleb
Nemelex Xobeh
Okawaru
Qazlal
Ru
Sif Muna
Trog
Uskayaw
Vehumet
Wu Jian
Xom
Yredelemnul
Zin
The Shining One

Shops:
D:6 !   D:9 (([[


Innate Abilities, Weirdness & Mutations

Your life essence is reduced to manifest your ancestor. (-10% HP)
You have a pair of horns on your head.
You reflexively headbutt those who attack you in melee.
Your mind is acute. (Int +2)
You are robust. (+10% HP)
You sometimes lose the ability to read scrolls when taking damage.


Message History

You hear a shout!
c - a ring of protection from fire (right hand)
The hell hound bites you but does no damage.
You hit the hell hound.
The hell hound is severely wounded.
The hell hound closely misses you.
Dusana hits the hell hound with a +0 quarterstaff!!
The hell hound dies!
The hell knight points at you and mumbles some strange words.
The bolt of fire hits you. You resist.
* * * LOW HITPOINT WARNING * * *
The hell knight points at you and mumbles some strange words.
The bolt of fire hits you! You resist.
* * * LOW HITPOINT WARNING * * *
You feel protected.
The hell knight hits Dusana with a +1 demon whip of distortion!!
The hell knight hits you from afar with a +5 halberd!
* * * LOW HITPOINT WARNING * * *
Unknown command.
Dusana hits the hell knight with a +0 quarterstaff!
The hell knight hits Dusana with a +1 demon whip of distortion!!
Dusana is destroyed!
A hell knight comes into view. It is wielding a +0 halberd.
You see here a hell hound corpse.
A hell knight comes into view.
It is wielding a +1 great mace of flaming.
The hell knight gestures wildly while chanting.
The hell knight seems to speed up.
You hear a shout!
The hell knight gestures at you while chanting.
The bolt of fire misses you.
The hell knight gestures at you while chanting.
The bolt of fire hits the hell knight.
The hell knight completely resists.
The bolt of fire hits you but does no damage.
Found 43 gold pieces.
A hell knight comes into view. It is wielding a +1 glaive of flaming.
Found 17 stones.
Found an escape hatch in the ceiling.
Careful!
You are starting to lose your buoyancy.
The hell knight shouts!
The hell knight hits you from afar with a +5 halberd!!
You die...

#..#....†......#........
#..#†#########.#........
##.#.#. .pp#.#........
#.#.#.#####p#?#........
#.#.#.#$$(#†≈.#........
#.#<#.#..<#p≈.#.....##.
#.#.#.#...#.≈.#...###..
#.#.#.##≈##p#.#....##..
#.# #.@.p...#.#.#.##...
#.# #########.#........
#.# ..#........
#.#############........
#......................
#......................
###....................
#....................
#............##......


You could see 2 hell knights.

Vanquished Creatures
  Snorg (D:13)
  2 hydras
  A vault guard (D:14)
  A boulder beetle (D:14)
  3 two-headed ogres
  3 centaur warriors
  A wizard (D:14)
  A necromancer (D:14)
  3 cyclopes
  An ugly thing (D:13)
  A manticore (D:9)
  A gargoyle (D:11)
  2 unseen horrors
  5 kobold demonologists
  A tengu conjurer (D:15)
  3 trolls
  A meliai zombie (D:10)
  A wraith (D:11)
  A steam dragon (D:7)
  2 wyverns (D:10)
  10 yaks
  Grum (D:11)
  11 humans (D:14)
  3 basilisks
  5 vampire mosquitoes
  8 water moccasins
  6 hell hounds (D:14)
  Edmund (D:5)
  The ghost of bnorton916 the Magician, an amateur DEFE (D:3)
  Pargi (Sewer)
  3 orc warriors
  2 necrophages
  7 centaurs
  2 ogres (D:5)
  3 phantoms
  3 wolves (D:11)
  10 kobold brigands
  A bullfrog (D:7)
  A gnoll sergeant (D:9)
  2 scorpions
  2 wights (D:9)
  A howler monkey (D:8)
  3 electric eels (D:7)
  4 centaur zombies
  2 hounds
  2 jellies
  2 bullfrog zombies
  2 centaur skeletons (D:7)
  A gnoll shaman (D:7)
  8 orc priests
  3 bullfrog skeletons
  Ijyb (D:5)
  Terence (D:3)
  7 orc wizards
  Natasha (thrice) (D:3)
  5 iguanas
  2 howler monkey zombies
  Robin (D:2)
  8 gnolls
  2 howler monkey skeletons
  5 adders
  7 river rats (D:4)
  A white imp (D:6)
  3 ufetubi
  2 worms
  2 dart slugs
  30 orcs
  8 ball pythons
  9 bats
  8 endoplasms
  9 giant cockroaches
  20 goblins
  5 hobgoblins
  3 quokkas
  5 frilled lizards (Sewer)
  27 kobolds
  15 rats
335 creatures vanquished.

Vanquished Creatures (collateral kills)
  A boulder beetle (D:15)
  A centaur warrior (D:13)
  A hydra (D:13)
  2 two-headed ogres
  Urug (D:10)
  Nergalle (D:10)
  A necromancer (D:14)
  A manticore (D:14)
  Joseph (D:8)
  A cyclops (D:14)
  A black mamba (shapeshifter) (D:14)
  Maurice (D:8)
  An unseen horror (D:13)
  Psyche (D:9)
  A yak (D:12)
  A wyvern (D:7)
  A wraith (D:11)
  9 humans (D:14)
  A yak (shapeshifter) (D:14)
  A hell hound (D:14)
  A water moccasin (D:7)
  An orc warrior (D:14)
  An ice beast (D:8)
  An ogre (D:7)
  A wolf (D:11)
  2 centaurs
  A kobold brigand (D:11)
  A wyvern skeleton (D:7)
  2 wights
  A howler monkey (D:7)
  An electric eel (D:7)
  An orc priest (D:9)
  2 centaur zombies
  An orc wizard (D:9)
  An adder (shapeshifter) (D:15)
  A howler monkey skeleton (D:7)
  6 orcs
  4 kobolds
58 creatures vanquished.

Vanquished Creatures (others)
  11 battlemagi
  4 fungi
  16 plants
31 creatures vanquished.

Grand Total: 424 creatures vanquished

Notes
Turn   | Place    | Note
-------+----------+-------------------------------------------
     0 | D:1      | issech the Minotaur Monk began the quest for the Orb.
     0 | D:1      | Reached XP level 1. HP: 19/19 MP: 0/0
   272 | D:1      | Found a faded altar of an unknown god.
   411 | D:1      | Reached XP level 2. HP: 27/27 MP: 1/1
  1561 | D:2      | Noticed Robin
  1568 | D:2      | Reached XP level 3. HP: 21/33 MP: 2/2
  1894 | D:2      | Killed Robin
  2540 | D:3      | Noticed Natasha
  2540 | D:3      | Found a runed translucent gate.
  2540 | D:3      | Found a runed translucent gate.
  2540 | D:3      | Found a runed translucent gate.
  2543 | D:3      | Noticed bnorton916's ghost (amateur DEFE)
  2546 | D:3      | Noticed a kobold brigand
  2548 | D:3      | Killed Natasha
  2549 | D:3      | Reached skill level 1 in Armour
  2549 | D:3      | Reached XP level 4. HP: 21/41 MP: 3/3
  2681 | D:3      | Noticed Natasha
  2690 | D:3      | Killed Natasha
  2691 | D:3      | Reached skill level 5 in Axes
  2696 | D:3      | Noticed Natasha
  2703 | D:3      | Killed Natasha
  2704 | D:3      | Reached skill level 2 in Armour
  2704 | D:3      | Reached XP level 5. HP: 14/47 MP: 1/4
  2940 | D:3      | Found a glowing drain.
  2954 | Sewer    | Entered a sewer
  2971 | Sewer    | Noticed Pargi
  2993 | Sewer    | Killed Pargi
  2994 | Sewer    | Reached skill level 1 in Short Blades
  2994 | Sewer    | Reached skill level 3 in Armour
  2994 | Sewer    | Reached XP level 6. HP: 24/55 MP: 0/5
  3797 | D:3      | Reached skill level 5 in Fighting
  3848 | D:3      | Noticed Terence
  3864 | D:3      | Killed Terence
  4065 | D:3      | Killed bnorton916's ghost
  4066 | D:3      | Reached skill level 4 in Armour
  4071 | D:3      | Reached XP level 7. HP: 59/61 MP: 4/6
  4387 | D:4      | Found a glowing silver altar of Zin.
  4908 | D:5      | Entered Level 5 of the Dungeon
  5244 | D:5      | Reached skill level 5 in Armour
  5459 | D:5      | Noticed Edmund
  5468 | D:5      | Killed Edmund
  5472 | D:5      | Reached XP level 8. HP: 55/70 MP: 5/7
  5789 | D:5      | Noticed a +0 falchion
  5789 | D:5      | Noticed a +0 short sword
  5789 | D:5      | Noticed a +0 spear
  5789 | D:5      | Noticed a +0 falchion
  5789 | D:5      | Noticed a +0 spear
  5789 | D:5      | Noticed a +0 short sword
  5789 | D:5      | Noticed a +0 dagger
  5791 | D:5      | Noticed a +0 dagger
  5810 | D:5      | Reached skill level 6 in Armour
  5859 | D:5      | Found a hide-covered altar of Uskayaw.
  5949 | D:5      | Reached skill level 1 in Maces & Flails
  5985 | D:5      | Noticed Ijyb
  5994 | D:5      | Killed Ijyb
  6373 | D:6      | Found Zaprun's Distillery.
  6761 | D:6      | Reached skill level 7 in Armour
  7478 | D:7      | Found a staircase to the Ecumenical Temple.
  7534 | Temple   | Entered the Ecumenical Temple
  7551 | Temple   | Became a worshipper of Hepliaklqana the Forgotten
  7551 | Temple   | Reached * piety under Hepliaklqana
  7551 | Temple   | Reached ** piety under Hepliaklqana
  7552 | Temple   | Remembered your ancestor Dusana as a battlemage
  7660 | D:7      | Reached skill level 5 in Maces & Flails
  7660 | D:7      | Reached XP level 9. HP: 68/71 MP: 8/8
  7962 | D:7      | Reached skill level 8 in Armour
  8926 | D:8      | Noticed Joseph
  8942 | D:8      | Killed Joseph
  8943 | D:8      | Reached skill level 9 in Armour
  8943 | D:8      | Reached XP level 10. HP: 60/79 MP: 5/9
  9094 | D:8      | Found a bloodstained altar of Trog.
  9110 | D:8      | Noticed Maurice
  9125 | D:8      | Killed Maurice
  9206 | D:8      | Reached skill level 1 in Throwing
  9781 | D:9      | Reached skill level 10 in Maces & Flails
  9881 | D:9      | Found Qeduverch's Armour Shoppe.
  9892 | D:9      | Found Qaomeemo's Weapon Shoppe.
  9892 | D:9      | Reached *** piety under Hepliaklqana
  9921 | D:9      | Found Yjulai Atiomm's Antique Weapon Shop.
 10088 | D:9      | Noticed a two-headed ogre
 10096 | D:9      | Killed a two-headed ogre
 10097 | D:9      | Reached skill level 1 in Bows
 10262 | D:9      | Noticed a manticore
 10264 | D:9      | Noticed Psyche
 10273 | D:9      | Killed a manticore
 10630 | D:9      | Killed Psyche
 10742 | D:9      | Reached skill level 1 in Shields
 10776 | D:9      | Identified the +3 leather armour of Zoczu Duunn {-Tele
                  | Will+ Str+4 SInv}
 11094 | D:9      | Found Juuschaz's Antique Armour Shop.
 11108 | D:9      | Bought a pair of embroidered gloves for 172 gold pieces
 11410 | D:10     | Entered Level 10 of the Dungeon
 11410 | D:10     | Noticed a seven-headed hydra
 11410 | D:10     | Found a stormy altar of Qazlal.
 11415 | D:10     | Killed a seven-headed hydra
 11416 | D:10     | Reached skill level 10 in Armour
 11621 | D:10     | Noticed Nergalle
 11629 | D:10     | Reached XP level 11. HP: 59/87 MP: 10/10
 11631 | D:10     | Killed Nergalle
 11905 | D:10     | Found a staircase to the Lair.
 12026 | D:9      | Reached skill level 11 in Armour
 12793 | D:10     | Identified the amulet "Jask" {RegenMP Rampage Drain Str+8}
 12834 | D:10     | Noticed Urug
 12840 | D:10     | Killed Urug
 13050 | D:10     | Gained mutation: You sometimes lose the ability to read
                  | scrolls when taking damage. [potion of mutation]
 13050 | D:10     | Gained mutation: Your mind is acute. (Int +2) [potion of
                  | mutation]
 13050 | D:10     | Gained mutation: You are robust. (+10% HP) [potion of
                  | mutation]
 13446 | D:10     | Found a staircase to the Orcish Mines.
 13603 | D:11     | Noticed Grum
 13613 | D:11     | Killed Grum
 13696 | D:11     | Reached skill level 12 in Armour
 13715 | D:11     | Reached skill level 10 in Fighting
 13962 | D:9      | Bought a +0 pair of boots for 67 gold pieces
 14429 | D:11     | Reached **** piety under Hepliaklqana
 14435 | D:11     | Noticed a two-headed ogre
 14442 | D:11     | Killed a two-headed ogre
 15435 | D:12     | Noticed a two-headed ogre
 15441 | D:12     | Killed a two-headed ogre
 15780 | D:12     | Reached XP level 12. HP: 107/107 MP: 11/11
 15889 | D:12     | Reached skill level 13 in Armour
 16109 | D:12     | Noticed a two-headed ogre
 16117 | D:12     | Killed a two-headed ogre
 16470 | D:12     | Noticed a six-headed hydra
 16476 | D:12     | Killed a six-headed hydra
 16651 | D:12     | Reached ***** piety under Hepliaklqana
 16988 | D:13     | Noticed Snorg
 16995 | D:13     | Killed Snorg
 17366 | D:13     | Noticed a five-headed hydra
 17370 | D:13     | Killed a seven-headed hydra
 17653 | D:13     | Noticed a centaur warrior
 17658 | D:13     | Killed a centaur warrior
 17659 | D:13     | Reached skill level 14 in Armour
 17974 | D:13     | Noticed a centaur warrior
 17991 | D:13     | Killed a centaur warrior
 18831 | D:14     | Noticed a boulder beetle
 18840 | D:14     | Noticed a centaur warrior
 18845 | D:14     | Noticed a centaur warrior
 18848 | D:14     | Killed a centaur warrior
 18859 | D:15     | Entered Level 15 of the Dungeon
 18861 | D:15     | Reached skill level 10 in Axes
 19326 | D:15     | Killed a boulder beetle
 19713 | D:14     | Identified the +0 scale mail of Sez Unagg {MP+9 SInv}
 19835 | D:14     | Reached skill level 5 in Bows
 19835 | D:14     | Reached skill level 5 in Dodging
 19920 | D:14     | Noticed a boulder beetle
 19922 | D:14     | Noticed a two-headed ogre
 19926 | D:14     | Killed a two-headed ogre
 19927 | D:14     | Reached XP level 13. HP: 117/117 MP: 12/12
 20199 | D:14     | Found a gate to the Vaults.
 20634 | D:14     | Reached skill level 15 in Armour
 20641 | D:14     | HP: 1/118 [hell knight/+5 halberd (12)]
 20649 | D:14     | Demolished by a hell knight

Illustrated notes

Levels and vault maps discovered:
D:1:      amcnicky_arrival_blooded_trapdoor, layout_loops_ring,
          nicolae_ecumenical_lake_church
D:2:      minmay_roachtagon, layout_loops_corners, minmay_statues_item,
          uniq_robin
D:3:      minmay_wonky_spiral, layout_rooms, gammafunk_ghost_nasty_kobolds,
          portal_sewer_entry_d, serial_aquarium, aquarium_bridge_straight
          [aquarium_subvault_bridge, aquarium_subvault_balcony,
          aquarium_subvault_bridge, aquarium_subvault_balcony],
          aquarium_bridge_square [aquarium_subvault_window,
          aquarium_subvault_wall, aquarium_subvault_bridge,
          aquarium_subvault_wall], aquarium_window_2,
          aquarium_window_corridor_1, aquarium_view_2d, aquarium_view_2d,
          uniq_terence, uniq_natasha
D:4:      layout_rooms, general_overflow_altar, minivault_5, dk_rats_in_the_wall
D:5:      layout_gridville, nicolae_uskayaw_en_pointe, grunt_ministairs_3,
          minmay_ogre_servants, uniq_ijyb, uniq_edmund
D:6:      layout_gridville, serial_shops, shop
D:7:      layout_cave_pools, minmay_temple_entry_proselytizer, serial_bayou,
          serial_bayou_ford_a, serial_bayou_pond_a, serial_bayou_lake_a,
          serial_bayou_pond_b, minmay_joined_circles
D:8:      layout_rooms, nicolae_overflow_crystal_walls, uniq_maurice,
          uniq_joseph
D:9:      layout_grid_maze, serial_shops, shop, nicolae_stop_n_shop_2,
          nicolae_shop_statue_plus, nicolae_take_the_stairs,
          minmay_starry_boxes, uniq_psyche
D:10:     layout_loops_ring, mainiacjoe_overflow_small_starburst,
          minmay_lair_entry_grove, hiddenorc1_lemuel, uniq_nergalle, uniq_urug
D:11:     layout_layer_cave, special_room [special_room_kobold], uniq_grum
D:12:     layout_stronghold
D:13:     nicolae_cairo_tiling_large, layout_grid_maze,
          kennysheep_generic_room_13, uniq_snorg
D:14:     layout_cave_pools, grunt_vaults_entry_tiered, serial_park_gazebo
          [serial_park_minivault_5x5_1], minmay_rotating_lava
D:15:     grunt_enter_depths_magical_seal, layout_basic
Temple:   mainiacjoe_temple_coin_purse

Skill      XL: |  1  2  3  4  5  6  7  8  9 10 11 12 13 |
---------------+----------------------------------------+-----
Fighting       | 4 5 6 7 8 9 10 11 12 | 12.1
Axes           | 4 5 7 8 10 11 | 11.1
Armour         | 1 2 3 4 5 7 9 10 12 14 15 | 15.0
Short Blades   | 1 |  1.1
Dodging        | 4 5 |  5.0
Stealth        | 2 3 4 |  4.0
Maces & Flails | 5 9 11 12 13 | 13.3
Throwing       | 1 |  1.3
Bows           | 3 5 7 |  7.1
Shields        | 1 3 |  3.3
Evocations     | |  0.2

Action                   |  1- 3 |  4- 6 |  7- 9 | 10-12 | 13-15 || total
-------------------------+-------+-------+-------+-------+-------++-------
Melee: Hand axe          |    40 |   107 |    83 |       |       ||   230
       Headbutt          |     9 |    19 |    36 |    53 |     5 ||   122
       Dagger            |    13 |     9 |       |       |       ||    22
       Punch             |     1 |       |     3 |     4 |       ||     8
       Flail             |       |       |   137 |   268 |       ||   405
       Shortbow          |       |       |       |     1 |       ||     1
       Battleaxe         |       |       |       |    38 |    24 ||    62
 Fire: Shortbow          |       |       |       |    34 |    42 ||    76
Throw: Dart              |       |     1 |     1 |     5 |       ||     7
       Boomerang         |       |       |       |     1 |       ||     1
Invok: Ancestor Life: Ba |       |       |     1 |       |       ||     1
Evoke: Wand              |       |       |       |     2 |       ||     2
  Use: Scroll            |       |     5 |     3 |     4 |     2 ||    14
       Potion            |       |       |       |    10 |     2 ||    12
 Stab: Sleeping          |     2 |     1 |       |       |       ||     3
       Distracted        |       |       |     2 |     5 |       ||     7
Armor: Robe              |     4 |       |       |       |       ||     4
       Ring mail         |    22 |    49 |       |       |       ||    71
       Chain mail        |       |    17 |    18 |       |       ||    35
       Plate armour      |       |       |   118 |   344 |    30 ||   492
       Skin              |       |       |       |     1 |       ||     1
Dodge: Dodged            |    43 |    74 |    78 |   160 |    23 ||   378
Block: Other             |       |       |       |    61 |       ||    61
       Reflection        |       |       |       |     8 |       ||     8
